Cogmind - Beta 17 @@@ ROGUE MODE // 2026.07.26 @ 21:49:25 Player: Elias Result: Destroyed by S-27 Virus with Autogun Performance ------------- Evolutions (4) 2000 Regions Visited (6) 1200 Robots Destroyed (66) 330 Value Destroyed (2274) 2274 Prototype IDs (7) 140 Alien Tech Used (0) 0 Bonus (0) 0 TOTAL SCORE: 5944 Bonus ------- None Cogmind --------- Core Integrity 0/850 Matter 149/300 Energy 99/100 System Corruption 4% Temperature Cool (0) Movement Core (50) Location -6/Lower Caves Parts ------- > --- POWER (2) -------- (None) > --- PROPULSION (4) --- (None) > --- UTILITY (6) ------ (None) > --- WEAPON (3) ------- (None) > --- INVENTORY (5) ---- Medium Treads Heavy Armor Plating Makeshift System Shield Great Maul Peak State ------------ > --- POWER ------------ Improved Ion Engine Angular Momentum Engine > --- PROPULSION ------- Gravmag Array Gravmag Array > --- UTILITY ---------- Advanced Heat Sink Large Storage Unit Machine Analyzer Improved Signal Interpreter Salvage Targeting Computer System Shield > --- WEAPON ----------- High-powered Shock Rifle Long-range Missile Launcher Great Maul > --- INVENTORY -------- Heavy Deuterium Engine Carbon-fiber Leg Carbon-fiber Leg Improved Heat Sink Huge Storage Unit Improved Sensor Array Improved Reaction Control System Heavy Armor Plating Lightning Gun Field Laser Advanced EMP Blaster Missile Launcher Missile Launcher Long-range Missile Launcher [Rating: 62] Favorites ----------- Power Light Nuclear Core Engine Improved Ion Engine Power Core Light Nuclear Core Propulsion Aluminum Leg Treads Improved Treads Leg Aluminum Leg Wheel Wheel Hover Unit Gravmag Array Flight Unit Improved Flight Unit Utility System Shield Device Improved Heat Sink Storage Large Storage Unit Processor Salvage Targeting Computer Hackware System Shield Protection Heavy Armor Plating Weapon Enhanced Autogun Energy Gun Field Laser Energy Cannon Particle Cannon Ballistic Gun Enhanced Autogun Ballistic Cannon Flak Cannon Launcher Long-range Missile Launcher Impact Weapon Great Maul Build | -11 -10 -9 -8 -7 -6 -6 ------- Run | Yrd Mat Mat Mat Fac Fac Low Slots Evolved 8 | . . 2 2 2 2 . Power 1 | . . . . . 1 . Propulsion 2 | . . 1 1 . . . Utility 4 | . . 1 1 2 . . Weapon 1 | . . . . . 1 . Parts Attached 76 | 9 4 5 38 5 14 1 Power 9 | 1 . 1 4 . 3 . Engine 4 | 1 . . 1 . 2 . Core 5 | . . 1 3 . 1 . Reactor . | . . . . . . . Propulsion 24 | 4 1 1 13 1 4 . Treads 2 | 1 . . 1 . . . Leg 16 | 2 1 1 11 1 . . Wheel 1 | 1 . . . . . . Hover 4 | . . . . . 4 . Flight 1 | . . . 1 . . . Utility 19 | 2 1 1 10 3 1 1 Device 10 | 1 1 1 4 1 1 1 Storage 3 | 1 . . 2 . . . Processor 3 | . . . 1 2 . . Hackware 1 | . . . 1 . . . Protection 2 | . . . 2 . . . Artifact . | . . . . . . . Weapon 24 | 2 2 2 11 1 6 . Energy Gun 8 | 1 2 . 2 1 2 . Energy Cannon 2 | . . 1 1 . . . Ballistic Gun 5 | 1 . 1 3 . . . Ballistic Cannon 3 | . . . 2 . 1 . Launcher 4 | . . . 1 . 3 . Special Weapon . | . . . . . . . Impact Weapon 2 | . . . 2 . . . Slashing Weapon . | . . . . . . . Piercing Weapon . | . . . . . . . Special Melee Weapon . | . . . . . . . Unidentified Prototypes 7 | . . . 6 . 1 . Parts Lost 36 | . 1 4 13 7 5 6 Power 7 | . . 1 2 1 3 . Propulsion 17 | . 1 2 7 3 1 3 Utility 6 | . . 1 3 1 . 1 Weapon 6 | . . . 1 2 1 2 Highest Loss Streak 5 | . 1 3 5 5 3 4 To Critical Strikes . | . . . . . . . Average Backups 8 | . . 4 9 11 11 10 Power . | . . . 1 1 1 . Propulsion . | . . . . . 1 1 Utility 3 | . . . 4 3 4 5 Weapon 3 | . . 4 4 6 4 4 Tool/Special . | . . . . . . . Unused Backups 12 | . . . 2 . 3 7 Power . | . . . . . . . Propulsion 2 | . . . . . 1 1 Utility 7 | . . . . . 1 6 Weapon 3 | . . . 2 . 1 . Tool/Special . | . . . . . . . Average Slot Usage (%) 83 | . 98 80 85 85 85 65 Engine 4 | . 13 8 1 . 9 5 Core 3 | . . . 7 6 1 . Treads 1 | . . . 2 . . . Leg 16 | . 27 23 25 18 3 . Hover 4 | . . . . . 11 13 Device 8 | . 14 16 9 6 6 2 Storage 8 | . 14 11 9 7 6 5 Processor 10 | . . . 5 22 20 18 Hackware 4 | . . . 5 7 6 5 Energy Gun 5 | . 14 14 3 3 6 2 Ballistic Gun 5 | . 13 1 9 8 . . Ballistic Cannon 1 | . . . 2 . . 3 Impact Weapon 3 | . . . 2 . 6 5 Peak Build Rating 62 | 9 9 10 33 39 62 53 Average Rating 28 | 5 8 8 24 32 53 42 On Entrance 19 | . 9 7 10 33 24 53 Avg Prop Armor Cover (%) 6 | 9 . 8 6 . 6 . Naked Turns 36 | . . . . . . 36 Heaviest Build 58 | 14 14 17 38 37 58 48 Greatest Support 50 | 20 20 30 50 50 40 40 Greatest Overweight (x) 11 | 1 1 4 4 11 2 6 Average Overweight (x) . | . . . . . 1 . Largest Inventory Capacity 15 | 8 8 8 15 15 15 15 Average Capacity 11 | 7 8 8 11 15 15 14 Most Carried 15 | . 2 5 15 14 15 15 Average Carried 8 | . . 4 9 12 12 11 Final Capacity 15 | 8 8 8 15 15 15 5 Final Carried 15 | . 2 5 15 11 12 5 Class Distribution -------------------- 68% | Mutant 31% | Scavenger-Mutant Dominant Class ---------------- Mutant | -10/Materials Mutant | -9/Materials Scavenger-Mutant | -8/Materials Mutant | -7/Factory Mutant | -6/Factory Mutant | -6/Lower Caves Resources | -11 -10 -9 -8 -7 -6 -6 ----------- Run | Yrd Mat Mat Mat Fac Fac Low Matter Collected 1843 | 326 67 72 893 130 179 176 Remotely . | . . . . . . . Salvage Created 2382 | 194 67 148 1377 285 254 57 Parts 129 | 15 4 11 72 10 14 3 Haulers Intercepted 3 | . . . 3 . . . Recyclers Shooed 2 | 1 . . . 1 . . Parts Field Recycled . | . . . . . . . Retrieved Matter . | . . . . . . . Parts Self-Destructed 3 | . . . . . . 3 Prevented 2 | . . . . . . 2 Parts Restored . | . . . . . . . Kills | -11 -10 -9 -8 -7 -6 -6 ------- Run | Yrd Mat Mat Mat Fac Fac Low Combat Hostiles Destroyed 50 | . 2 4 28 5 10 1 Melee 4 | . . . 3 . 1 . Guns 27 | . 2 2 16 5 2 . Cannons 11 | . . 2 8 . 1 . AOE 5 | . . . . . 4 1 Classes Destroyed 15 | 3 1 1 9 . 1 . Worker 4 | 3 . . . . 1 . Builder 1 | . . . 1 . . . Tunneler 4 | 4 . . . . . . Hauler 3 | . . . 3 . . . Recycler 1 | 1 . . . . . . Watcher 3 | . . 1 2 . . . Swarmer 11 | . . . 4 . 7 . Grunt 22 | . 2 4 12 4 . . Brawler 2 | . . . 2 . . . Duelist 2 | . . . 2 . . . Sentry 6 | . . . 4 1 1 . Specialist 1 | . . . 1 . . . Hunter 3 | . . . 2 . . 1 Programmer 2 | . . . . . 2 . Heavy 1 | . . . 1 . . . Best Kill Streak 5 | 2 2 3 5 2 4 1 Combat Bots Only 5 | . 2 3 5 2 4 1 Max Kills in Single Turn 4 | 1 1 1 1 1 4 1 Gunslinging . | . . . . . . . Exploded 4 | . . . . . 4 1 Melee 1 | . . . 1 . 1 . Uniques/NPCs Destroyed . | . . . . . . . Combat | -11 -10 -9 -8 -7 -6 -6 -------- Run | Yrd Mat Mat Mat Fac Fac Low Hostile Shots Fired 634 | . 34 54 195 97 160 94 Missed 201 | . 11 10 45 38 63 34 Hits 433 | . 23 44 150 59 97 60 Melee 6 | . . . 6 . . . Projectile 427 | . 23 44 144 59 97 60 Critical Strikes 11 | . . 3 6 1 1 . Damage Taken 6430 | . 252 678 2451 667 1421 961 Core 1585 | . 31 169 394 140 353 498 Absorbed by Shields 9 | . . . 9 . . . Core Remaining (%) 70 | 100 87 57 28 80 . . Volleys Fired 230 | 36 20 20 106 22 15 11 Largest 2 | 2 2 2 2 2 2 2 Hottest 118 | 70 70 108 81 100 118 104 Shots Fired 392 | 71 40 40 166 34 27 14 Gun 322 | 71 40 24 124 33 19 11 Cannon 66 | . . 16 42 1 4 3 Launcher 4 | . . . . . 4 . Special . | . . . . . . . Kinetic 212 | 36 20 4 126 19 4 3 Thermal 159 | 35 20 36 40 15 13 . Explosive 4 | . . . . . 4 . Electromagnetic 17 | . . . . . 6 11 Robot Hit Streak 11 | 7 4 8 11 11 6 2 Robot Miss Streak 9 | 4 3 4 9 2 4 5 Penetration Max 1 | . . . 1 . . . Secondary Targets 1 | . . 1 . . . . Max Gunslinging Chain 1 | . . 1 . . . . Shots Hit Robots 269 | 42 21 22 124 30 23 7 Core Hits 141 | 12 4 12 85 11 13 4 Critical Kills 1 | . . . 1 . . . Critical Parts Destroyed 4 | 1 . . 1 . 2 . Critical Strikes 8 | 2 . . 3 1 2 . Burn 3 | 1 . . 1 1 . . Destroy 2 | 1 . . 1 . . . Smash 3 | . . . 1 . 2 . Melee Attacks 33 | . . . 12 1 20 . Impact 33 | . . . 12 1 20 . Slashing . | . . . . . . . Piercing . | . . . . . . . Sneak Attacks 2 | . . . 1 . 1 . Combat Hostiles . | . . . . . . . Follow-up Attacks . | . . . . . . . Damage Inflicted 5235 | 443 221 360 2439 551 1022 199 Guns 3127 | 443 215 196 1467 502 217 87 Cannons 1076 | . . 164 747 21 94 50 Explosions 595 | . . . 85 . 448 62 Melee 370 | . . . 116 . 254 . Ramming 67 | . 6 . 24 28 9 . Kinetic 2460 | 143 76 32 1784 281 94 50 Thermal 1650 | 300 139 328 430 242 149 62 Explosive 533 | . . . 85 . 448 . Electromagnetic 155 | . . . . . 68 87 Impact 370 | . . . 116 . 254 . Slashing . | . . . . . . . Piercing . | . . . . . . . Highest Corruption 9 | . . 1 . 2 9 9 Average Corruption 5 | . . 1 . 2 5 5 Corruption Purged 5 | . . . . . . 5 Corruption Blocked . | . . . . . . . Effects 28 | . . 1 . . 17 10 Message Errors 4 | . . . . . 4 . Matter Fused 11 | . . . . . 5 6 Heat Flow Errors 1 | . . . . . 1 . Energy Discharges 8 | . . 1 . . 3 4 Data Loss (minor) 3 | . . . . . 3 . Misfires 1 | . . . . . 1 . Overload Shots . | . . . . . . . Overflow Damage 246 | . . . 32 . 214 . Projectiles . | . . . . . . . Explosions . | . . . . . . . Melee 246 | . . . 32 . 214 . Knockbacks 26 | . . . 21 1 1 3 Impact 2 | . . . . 1 1 . Kinetic 23 | . . . 20 . . 3 Secondary 1 | . . . 1 . . . Self-Inflicted Damage 223 | . . . . . 223 . Shots 5 | . . . . . 5 . Rammed 1 | . . . . . 1 . Targets Rammed 12 | . 2 . 5 4 1 . Kicked 11 | . 2 . 5 4 . . Crushed . | . . . . . . . Highest Temperature 300 | 170 300 199 184 94 71 91 Average Temperature 65 | 50 118 98 43 37 9 56 Received Heat Transfer 1590 | . 138 354 690 249 132 27 Effects 1 | . 1 . . . . . Energy Bleed 1 | . 1 . . . . . Siege Activations . | . . . . . . . Martial Activations . | . . . . . . . Shielding Activations . | . . . . . . . Robots Disrupted . | . . . . . . . Combat Hostiles . | . . . . . . . Robots Corrupted 3 | . . . . . 3 . Combat Hostiles 2 | . . . . . 2 . Parts Fried 4 | . . . 2 . 2 . Impact Corruptions 9 | . . . 1 . 8 . Robots Melted 1 | . . . 1 . . . Combat Hostiles 1 | . . . 1 . . . Parts Melted 4 | 1 . . 3 . . . Heat Transferred 3965 | 962 407 671 987 592 296 50 Parts Sabotaged . | . . . . . . . Parts Stolen . | . . . . . . . Parts Stripped . | . . . . . . . Power Chain Reactions 1 | . . . . . . 1 Alert | -11 -10 -9 -8 -7 -6 -6 ------- Run | Yrd Mat Mat Mat Fac Fac Low Maximum Alert Level 1 | . . . 1 . . . Low Security (%) 74 | 100 100 100 41 100 100 . Level 1 25 | . . . 58 . . . Level 2 . | . . . . . . . Level 3 . | . . . . . . . Level 4 . | . . . . . . . Level 5 . | . . . . . . . High Security . | . . . . . . . Max Security . | . . . . . . . Peak Influence 372 | 5 30 70 372 183 151 . Initial 158 | . . 3 16 158 40 . Average 110 | . 4 12 204 127 37 . Influence Increases 1860 | 40 65 137 934 176 373 135 Destroy 0b10 Robot/C 1000 | . 40 80 560 100 200 20 Destroy 0b10 Robot/NC 80 | 40 . 5 30 . 5 . Destroy Leader 272 | . 10 22 150 30 50 10 Successful Hack 10 | . . . 5 . 5 . Disable Machine 120 | . . 15 75 . 30 . Destroy Structure 78 | . . . 9 1 68 . Partial Spotted 15 | . . . 15 . . . Lose Combat Pursuer 285 | . 15 15 90 45 15 105 Influence Decreases 1789 | 40 55 107 626 440 312 209 Entered New Map 320 | . . 7 24 190 44 55 Time Decay 1159 | 40 45 60 472 180 218 144 Lost Part 310 | . 10 40 130 70 50 10 Squads Dispatched 14 | . 1 . 6 4 3 . Investigation 2 | . . . 1 1 . . Extermination 3 | . . . . 1 2 . Reinforcement 7 | . 1 . 4 2 . . Assault . | . . . . . . . Garrison 2 | . . . 1 . 1 . Intercept . | . . . . . . . Searches Triggered . | . . . . . . . Construction Impeded 1 | . . . 1 . . . Haulers Reinforced 1 | . . . . 1 . . Active Scanning Responses . | . . . . . . . Cargo Convoy Interrupts . | . . . . . . . Stealth | -11 -10 -9 -8 -7 -6 -6 --------- Run | Yrd Mat Mat Mat Fac Fac Low Distress Signals 5 | . . 1 4 . . . Communications Jammed 2 | . . . . 2 . . Distress Signals 2 | . . . . 2 . . Times Spotted 97 | . 5 11 45 9 14 13 Peak Tracking Total 9 | . 4 5 9 4 4 7 Tactical Retreats 9 | . 1 1 3 1 1 2 Traps | -11 -10 -9 -8 -7 -6 -6 ------- Run | Yrd Mat Mat Mat Fac Fac Low Traps Triggered 8 | . 2 2 2 1 1 . Indirectly . | . . . . . . . Trap Hack Attempts . | . . . . . . . Triggered . | . . . . . . . Disarmed . | . . . . . . . Reprogrammed . | . . . . . . . Reused . | . . . . . . . Traps Extracted . | . . . . . . . Installed . | . . . . . . . Triggered . | . . . . . . . Machines | -11 -10 -9 -8 -7 -6 -6 ---------- Run | Yrd Mat Mat Mat Fac Fac Low Machines Disabled 8 | . . 1 5 . 2 . Max in Single Turn 3 | . . 1 3 . 2 . Garrison Access 1 | . . . 1 . . . Machines Repaired . | . . . . . . . Machines Dismantled . | . . . . . . . Machines Sabotaged . | . . . . . . . Overloaded Fab Kills . | . . . . . . . Hacking | -11 -10 -9 -8 -7 -6 -6 --------- Run | Yrd Mat Mat Mat Fac Fac Low Machines Accessed 18 | . 1 1 8 4 4 . Terminals 9 | . 1 1 4 1 2 . Fabricators 1 | . . . . . 1 . Repair Stations . | . . . . . . . Recycling Units 2 | . . . 1 1 . . Scanalyzers 4 | . . . 2 1 1 . Garrison Access 2 | . . . 1 1 . . Total Hacks 26 | . 1 2 10 6 7 . Successful 12 | . . . 7 2 3 . Failed 13 | . 1 2 3 4 3 . Catastrophic 1 | . . . . 1 . . Database Lockouts 1 | . . . . . 1 . Manual 4 | . 2 . 1 . 1 . Terminals 12 | . 1 2 5 1 3 . Fabricators 1 | . . . . . 1 . Repair Stations . | . . . . . . . Recycling Units 2 | . . . 1 1 . . Scanalyzers 7 | . . . 3 1 3 . Garrison Access 4 | . . . 1 3 . . Terminal Hacks 3 | . . . 2 1 . . Record 1 | . . . . 1 . . Emergency Access Points 1 | . . . 1 . . . Transport Status 1 | . . . 1 . . . Fabricator Hacks . | . . . . . . . Repair Station Hacks . | . . . . . . . Recycling Unit Hacks 2 | . . . 1 1 . . Retrieve Matter 1 | . . . . 1 . . Retrieve Components 1 | . . . 1 . . . Scanalyzer 4 | . . . 2 . 2 . Retrieve Study 4 | . . . 2 . 2 . Garrison Access Hacks 1 | . . . 1 . . . Seal Access 1 | . . . 1 . . . Unauthorized Hacks 2 | . . . 1 . 1 . Terminals 2 | . . . 1 . 1 . Botnet 2 | . . . 1 . 1 . Fabricators . | . . . . . . . Repair Stations . | . . . . . . . Recycling Units . | . . . . . . . Scanalyzers . | . . . . . . . Garrison Access . | . . . . . . . Data Cores Recovered . | . . . . . . . Used . | . . . . . . . Hacking Detections 9 | . . 1 3 3 2 . Full Trace Events 1 | . . . . 1 . . Feedback Events . | . . . . . . . Feedback Blocked . | . . . . . . . Robot Schematics Acquired . | . . . . . . . Robots Built . | . . . . . . . Authchips . | . . . . . . . Time . | . . . . . . . Total Robot Build Rating . | . . . . . . . Part Schematics Acquired . | . . . . . . . Parts Built . | . . . . . . . Authchips . | . . . . . . . Time . | . . . . . . . Total Part Build Rating . | . . . . . . . Part Studies Acquired 4 | . . . 2 . 2 . Parts Repaired . | . . . . . . . Time . | . . . . . . . Parts Recycled . | . . . . . . . Recycled Matter . | . . . . . . . Retrieved Matter . | . . . . . . . Retrieved Components . | . . . . . . . Parts Scanalyzed . | . . . . . . . Part Schematics Acquired . | . . . . . . . Parts Damaged . | . . . . . . . Bothacking | -11 -10 -9 -8 -7 -6 -6 ------------ Run | Yrd Mat Mat Mat Fac Fac Low Used RIF Installer . | . . . . . . . Robots Hacked . | . . . . . . . Non-combat . | . . . . . . . Combat . | . . . . . . . Robot Hacks Applied . | . . . . . . . Relay Couplers Released . | . . . . . . . Fabnet Peak Effective % . | . . . . . . . Robots Rewired . | . . . . . . . Allies Hacked . | . . . . . . . Hacks Repelled . | . . . . . . . Allies | -11 -10 -9 -8 -7 -6 -6 -------- Run | Yrd Mat Mat Mat Fac Fac Low Total Allies . | . . . . . . . Largest Group . | . . . . . . . Highest-Rated Group . | . . . . . . . Highest-Rated Ally . | . . . . . . . Total Orders . | . . . . . . . Ally Attacks . | . . . . . . . Total Damage . | . . . . . . . Kills . | . . . . . . . Allies Corrupted . | . . . . . . . Allies Melted . | . . . . . . . Intel | -11 -10 -9 -8 -7 -6 -6 ------- Run | Yrd Mat Mat Mat Fac Fac Low Active Infowar (turns) 2953 | 263 285 310 403 373 835 484 Sensors 385 | . 75 310 . . . . Terrain 473 | 263 210 . . . . . Machine Analysis 1691 | . . . . 372 835 484 Jamming 597 | . . . 403 194 . . Robot Analysis Total . | . . . . . . . Derelict Logs Recovered 3 | . . . . . . 3 Drone Launches . | . . . . . . . Drone Recoveries . | . . . . . . . Exploration | -11 -10 -9 -8 -7 -6 -6 ------------- Run | Yrd Mat Mat Mat Fac Fac Low Turns Passed 4699 | 528 285 322 1836 373 835 520 Spaces Moved 2871 | 356 176 188 913 176 582 480 Core 257 | 161 . 3 10 7 . 76 Treads 162 | 7 . . 155 . . . Legs 1491 | 187 176 185 748 169 26 . Wheels 1 | 1 . . . . . . Hover 960 | . . . . . 556 404 Flight . | . . . . . . . Fastest Speed 50 | 50 120 120 120 120 56 50 Average Speed 123 | 108 121 123 141 159 117 97 Slowest Speed 600 | 160 190 250 260 600 260 350 Overloaded Moves . | . . . . . . . Propulsion Burnouts . | . . . . . . . Robots Hopped . | . . . . . . . Potential Cave-ins . | . . . . . . . Cave-ins Triggered 1 | . . . . . 1 . Exploration Rate (%) 33 | 9 45 20 66 5 18 69 Regions Visited 6 Branch Regions 1 Pre-discovered Areas 1 | . . . . . . 1 Known Exits Taken 2 | . . . . 1 1 . Unknown Exits Taken 4 | 1 1 1 1 . . . Scrap Searched 1 | . . . . . . 1 Spaces Dug 13 | . . . 1 1 11 . Terrain Destroyed 81 | . . . 8 1 72 . Melee 13 | . . . 1 1 11 . Projectile . | . . . . . . . AOE 68 | . . . 7 . 61 . Terrain Rammed . | . . . . . . . Walls Destroyed . | . . . . . . . Machines Disabled . | . . . . . . . Actions | -11 -10 -9 -8 -7 -6 -6 --------- Run | Yrd Mat Mat Mat Fac Fac Low Total 3575 | 428 206 238 1281 238 662 522 Wait 240 | 28 . 23 144 25 . 20 Move 2865 | 355 175 187 912 175 581 480 Hop . | . . . . . . . Pick Up 47 | . . 3 24 3 14 3 Fast Attach 39 | 7 5 3 22 1 1 . Attach 27 | . . . 7 6 11 3 Detach 9 | . . . 3 . 2 4 Swap 42 | 2 4 2 23 . 11 . Drop 31 | . . . 23 1 6 1 Fire 230 | 36 20 20 106 22 15 11 Melee 33 | . . . 12 1 20 . Ram 1 | . . . . . 1 . Kick 11 | . 2 . 5 4 . . Crush . | . . . . . . . Escape Stasis . | . . . . . . . Rewire . | . . . . . . . Trap . | . . . . . . . Miscellaneous . | . . . . . . . Route ------- -11/Scrapyard -10/Materials -9/Materials -8/Materials -7/Factory -6/Factory -6/Lower Caves History --------- Turn | Location | Event 44 | -11/Scrapyard | Discovered new exit (range 15) 529 | -11/Scrapyard | Entered Materials 530 | -10/Materials | Build established: Mutant 720 | -10/Materials | Discovered new exit (range 9) 814 | -10/Materials | Entered another Materials area 814 | -9/Materials | Evolved 2 slots: Propulsion x1, Utility x1 1038 | -9/Materials | Discovered new exit (range 14) 1136 | -9/Materials | Entered another Materials area 1136 | -8/Materials | Evolved 2 slots: Propulsion x1, Utility x1 1161 | -8/Materials | Lost 3 parts (2n1u) 1778 | -8/Materials | Garrison activated, responded to threat 1951 | -8/Materials | Build established: Scavenger-Mutant 2264 | -8/Materials | Lost 5 parts (1p3n1u) 2299 | -8/Materials | Core integrity fell below 50% 2614 | -8/Materials | Lost 3 parts (1p1n1u) 2873 | -8/Materials | Discovered new exit (range 12) 2972 | -8/Materials | Entered Factory 2972 | -7/Factory | Evolved 2 slots: Utility x2 3210 | -7/Factory | Lost 5 parts (2n1u2w) 3293 | -7/Factory | Discovered new exit (range 13) 3340 | -7/Factory | Identified exit to Factory 3345 | -7/Factory | Entered another Factory area 3345 | -6/Factory | Evolved 2 slots: Power x1, Weapon x1 3462 | -6/Factory | Build established: Mutant 3593 | -6/Factory | Central database locked down 3652 | -6/Factory | Crushed by falling debris 4116 | -6/Factory | Garrison activated, responded to threat 4160 | -6/Factory | Discovered new exit (range 16) 4162 | -6/Factory | Lost 3 parts (1p1n1w) 4176 | -6/Factory | Identified exit to Lower Caves 4180 | -6/Factory | Entered Lower Caves 4185 | -6/Lower Caves | Learned Factory stockpile data 4228 | -6/Lower Caves | Learned Factory garrison access intel 4439 | -6/Lower Caves | Spotted B-75 Beast 4534 | -6/Lower Caves | Lost 4 parts (2n2w) 4654 | -6/Lower Caves | Core integrity fell below 50% 4664 | -6/Lower Caves | Released all parts (4) 4680 | -6/Lower Caves | Core integrity fell below 20% 4700 | -6/Lower Caves | Destroyed by S-27 Virus with Autogun Last Messages --------------- 04519_ Corrupted Flexi-carbon Leg self-destruct mechanism malfunctions. 04531_ System corrupted: Matter fused (-10). 04549_ Searching scrap... 04549_ Found Mak. System Shield. 04549_ Found 53 Matter. 04550_ Acquired 53 matter. 04551_ Acquired Mak. System Shield. 04559_ Acquired Imp. Kinecellerator. 04561_ Acquired Imp. Shock Absorption System. 04594_ System corrupted: Matter fused (-5). 04615_ Acquired 37 matter. 04631_ System corrupted: Matter fused (-10). 04635_ Dropped Adv. Heat Sink. 04652_ Gravmag Array destroyed. 04661_ System Shield destroyed. 04664_ Released Imp. Signal Interpreter. 04664_ Released Machine Analyzer. 04664_ Released Lrg. Storage Unit. 04664_ Released Salvage Targeting Computer. [Achievement: Live, Flee, And Rebuild] Map ----- +----------------------------------------------------+ | ???????????????????????????????????????#### | | ???????????????????????????????????????# | | ???????????????????????????????????????# """" | | ???????????????????????????????????????# """" | | ???????????????????????????????????????# """" | | ???????????????????????????????????????# # | | ???????????????????????????????????????#### ## | | ??????????????????????????????????????????## #? | | ???????????????????????????????????????????# ##? | | ???????????????????????????????????????????### ##? | | ??????????????????????????????????????????##?# ## | | ?????????????????????????????????????????## ?# # | | ?????????????????????????????????????????# ?# # | | ?????????????????????????????????????????# ## | | ?????????????????????????????????????????# | | ?????????????????????????????????????????# | | ?????????????????????????????????????###### | | ?????????????????????????????????????# ### | | ????????????????????????????????????## ## | | ????????????????????????????????????# | | ??????????????# ????????????????????# | | ????????????### ??????????????????# ### # | | ????????????# ?????????????????????# # | | ????????????# ???????????????????# # | | ?????????????# ########????????## # | | ?????????????# @ ########## # | | ?????????????# ss ## | | ????????????# ###? | | ???????????# ## ## ##??? | | ??????????? ## ?# ### #???? | | ???????????????# ## ??## #?## ## #?? | | ???????????????# ??##????#####??##### #### ? | | ????????????????????????????????????###??### | | ????????????????????????????????????????????## | | ?????????????????????????????????????????????? | | ?????????????????????????????????????????????? | | ??????????????????????????????????????????????? # | | ???????????????????????????????????????????????### | | ????????????????????????????????????????????###??# | | ????????????????????????????????????????????# ### | | ????????????????????????????????????????????# | | ????????????????????????????????????????????## | | ?????????????????????????????????????????????## | | ??????????????????????????????????????????????# | | ?????????????????????????????????????????????## # | | ????????????????????????????????????????????## ## | | ????????????????????????????????????????????# ## | | ????????????????????????????????????????????# # | | ????????????????????????????????????????????## | | ?????????????????????????????????????????????## | +----------------------------------------------------+ Best States ------------- Heat Dissipation 59 Coolant Potential 50 Energy Generation 28 Energy Capacity 475 Matter Stores 300 Matter Capacity 300 Sight Range 16 Robot Scan Range 14 Terrain Scan Range 16 Terrain Scan Density 10 Jamming Range 12 Armor Coverage 600 Evasion (%) 55 Recoil Reduction 1 Salvage Targeting 1 Defensive Hacking 10 Item Schematics ----------------- None Robot Schematics ------------------ None Fabricated ------------ Nothing Repaired ---------- Nothing Studied --------- Lgt. Nuclear Core | -8/Materials | Hacked Missile Launcher | -8/Materials | Hacked Imp. Gravmag System | -6/Factory | Hacked Lrn. Missile Launcher | -6/Factory | Hacked Alien Tech Used ----------------- None Achievements -------------- Bumper Bots DATA ERROR: Steam Global Achievement% Ew, Corruption For Emergencies Only Ghost 'Em Heavy Suspicion I Have A Map? Item+ Live, Flee, And Rebuild Organ Harvest Overwhelming There's More Where That Came From Throw Away The Key True Hacker We Love MA Challenges ------------ None Game ------ Seed ArchitectCloakingCleaver Manual? 0 Play Time 01:28:48 Cumulative 43.8 hours Start 2026.07.26 @ 11:22:46 End 2026.07.26 @ 21:49:25 Sessions 3 Manual Loads 0 Difficulty Rogue Special Mode None Game No. 72 Rogue 72 Adventurer 0 Explorer 0 Win Type - Total 0 Types 0/0/0/0/0/0/0/0/0/0 Lore% 33 Gallery% 34 Achievement% 19 Wizard Run 0 Options --------- Layout 0 ASCII 0 Keyboard 0 Movement Arrows Keybinds 0 Fullscreen 1 Font 18/SmallcapsGlow Map View 76x50 Zoom Use 0% Tactical HUD 1 Map Filters NONE Filters NONE Steam 1 RUN: a9ef5671-1bf5-4525-8222-c21307bc9914